Flames vs Bruins
Created - December 20, 2019 at 21:43
Goals
|
Flames |
2 |
1 |
3 |
6 |
Bruins |
0 |
2 |
5 |
7 |
|
Shots
|
Flames |
6 |
16 |
12 |
34 |
Bruins |
6 |
14 |
17 |
37 |
|
1st period
1. Flames , Jordin Tootoo 1 (Alexander Semin 16, Steve Eminger 8) at 8:04
2. Flames , Steve Regier 5 (Jordin Tootoo 6) at 19:28
Penalties :
Sami Vatanen (Cal) for Attempt to injure (Major / Game Misconduct) at 9:21, Wojtek Wolski (Bos) for Interference (Minor) at 15:19
2nd period
3. Flames , Colin Wilson 7 (Tim Ramholt 6, Alexander Semin 17) at 0:40
4. Bruins , Brendan Smith 4 (Nathan Horton 8, Wojtek Wolski 26) at 13:39
5. Bruins , Wojtek Wolski 12 (Kris Chucko 1, Casey Cizikas 4) at 19:30
Penalties :
Jordin Tootoo (Cal) for High sticking (Minor) at 3:50, David Backes (Cal) for Hooking (Minor) at 7:04
3rd period
6. Bruins , Nathan Horton 3 (Jonathan Toews 16) at 1:24
7. Flames , Eric Staal 14 (Erik Johnson 11, Jonas Gustavsson) at 3:32 (PP)
8. Bruins , Wojtek Wolski 13 (Jonathan Toews 17, Torey Krug 4) at 4:29
9. Bruins , Wojtek Wolski 14 (Jonathan Toews 18, Torey Krug 5) at 6:29 (PP)
10. Flames , Peter Prucha 4 (Steve Regier 6, Erik Johnson 12) at 11:21
11. Bruins , Victor Oreskovich 10 (Scott Hartnell 10, Shane O'Brien 4) at 11:58
12. Flames , David Backes 17 (Eric Staal 21) at 12:13 (PP)
13. Bruins , Mike Ribeiro 6 (Scott Hartnell 11, Nathan Horton 9) at 13:05 (PP)
Penalties :
Shane O'Brien (Bos) for Roughing (Minor) at 3:19, Jordin Tootoo (Cal) for Tripping (Minor) at 5:38, Eric Staal (Cal) for Hooking (Minor) at 9:02, Johnny Boychuk (Bos) for Goalie Interference (Minor) at 12:11, Eric Staal (Cal) for Cross-checking (Minor) at 12:26, Shane O'Brien (Bos) for High sticking (Double Minor) at 17:27
Goalie Stats
Jonas Gustavsson (Cal), 30 saves from 37 shots - (0.811), L, 11-6-1, 60:00 minutes
Kevin Poulin (Bos), 28 saves from 34 shots - (0.824), W, 10-8-1, 60:00 minutes
Players Stats for Flames
Player Name G A P +/- PIM S H SB GA TA FO MP PP MP PK MP
------------------------------------------------------------------------------------
Alexander Semin 0 2 2 2 0 1 2 0 2 0 0/0 20:08 2:41 5:14
Brad Marchand 0 0 0 -3 0 1 2 0 1 1 1/1 22:57 1:50 5:51
Brendan Mikkelson 0 0 0 0 0 0 1 0 0 1 0/0 15:43 1:55 1:02
Colin Wilson 1 0 1 2 0 3 5 0 0 1 10/25 17:57 0:15 5:11
David Backes 1 0 1 -3 2 7 1 0 1 0 0/3 20:29 2:41 2:43
David Ullstrom 0 0 0 -1 0 0 2 0 0 0 0/0 5:59 0:29 0:07
Derek Meech 0 0 0 0 0 0 0 1 0 2 0/0 31:17 2:51 6:56
Eric Staal 1 1 2 -3 4 4 0 0 0 0 17/38 21:49 2:27 4:25
Erik Johnson 0 2 2 -1 0 4 1 1 0 2 0/0 23:25 3:15 4:28
Jordin Tootoo 1 1 2 2 4 2 1 0 0 0 0/0 12:35 0:15 0:00
Kyle Palmieri 0 0 0 -1 0 0 0 0 0 0 0/1 7:20 1:50 0:00
Mikhail Grabovski 0 0 0 1 0 3 0 0 0 0 3/6 12:55 1:50 1:09
Peter Prucha 1 0 1 1 0 5 0 0 0 0 0/0 9:56 0:00 0:00
Sami Vatanen 0 0 0 0 15 0 0 0 0 0 0/0 3:25 0:00 0:00
Steve Eminger 0 1 1 -1 0 2 0 1 0 2 0/0 24:36 0:26 6:56
Steve Regier 1 1 2 1 0 2 0 2 0 0 0/0 11:10 0:00 1:14
Tim Ramholt 0 1 1 0 0 0 0 3 1 1 0/0 20:24 1:05 4:28
Vladimir Sobotka 0 0 0 -1 0 0 1 0 0 1 0/2 5:23 0:00 0:00
Players Stats for Bruins
Player Name G A P +/- PIM S H SB GA TA FO MP PP MP PK MP
------------------------------------------------------------------------------------
Brendan Smith 1 0 1 0 0 5 1 2 0 1 0/0 29:32 7:12 1:48
Casey Cizikas 0 1 1 -1 0 0 1 0 0 0 2/2 7:01 0:39 0:59
Dave Bolland 0 0 0 -1 0 0 2 0 1 1 5/8 10:30 0:55 0:00
Jason Demers 0 0 0 -2 0 2 1 1 0 0 0/0 13:59 4:36 0:31
Johnny Boychuk 0 0 0 2 2 4 1 1 0 2 0/0 23:04 3:33 1:00
Jonathan Toews 0 3 3 4 0 2 0 1 1 0 19/34 23:16 6:09 0:40
Kevin Bieksa 0 0 0 2 0 0 1 0 1 0 0/0 10:49 0:53 1:28
Kris Chucko 0 1 1 -1 0 1 0 0 0 0 0/0 7:39 1:05 1:20
Mattias Tedenby 0 0 0 -1 0 4 0 0 0 0 0/0 6:02 0:39 0:00
Mike Ribeiro 1 0 1 -1 0 3 3 0 1 0 10/18 16:47 4:50 0:00
Nathan Horton 1 2 3 4 0 2 2 0 0 0 2/5 23:02 4:50 2:21
Rene Bourque 0 0 0 -1 0 2 0 0 1 0 1/1 9:38 1:05 0:00
Scott Hartnell 0 2 2 -1 0 1 0 0 1 0 1/1 17:49 4:50 0:53
Shane O'Brien 0 1 1 0 6 0 0 0 0 1 0/0 20:21 4:19 1:28
T.J Galiardi 0 0 0 -1 0 2 1 0 0 0 1/1 10:42 0:00 1:28
Torey Krug 0 2 2 0 0 2 2 1 0 0 0/0 21:59 4:19 3:04
Victor Oreskovich 1 0 1 -1 0 2 1 0 3 0 0/0 18:48 6:07 0:38
Wojtek Wolski 3 1 4 4 2 5 2 0 2 0 4/6 24:12 6:09 1:26
3 Stars
1 - Wojtek Wolski (Bos)
2 - Nathan Horton (Bos)
3 - Jonathan Toews (Bos)
Power Play
Flames - 2 on 5 Attempt(s) - 40.00%
Bruins - 2 on 6 Attempt(s) - 33.33%
Penalty Kill
Flames - 4 on 6 Attempt(s) - 66.67%
- Score 0 goal in Penalty Kill
Bruins - 3 on 5 Attempt(s) - 60.00%
- Score 0 goal in Penalty Kill
Team Stat
Flames - Hits : 16 - Faceoff Wins : 31 - Blocked Shots : 8 - Penalty Minutes : 25
Bruins - Hits : 18 - Faceoff Wins : 45 - Blocked Shots : 6 - Penalty Minutes : 10
Official
Referees : Unknown
Linesman : Unknown
Game Notes
Sami Vatanen ejected from game at 9:21 of 1st period
Jason Demers is injured at 10:10 of 2nd period (Bruised Right Leg)
Wojtek Wolski has scored a Hat Trick!
Finance
Level 1 -- Attendance: 4389 (73.15%) -- Ticket Income $544,236
Level 2 -- Attendance: 3763 (75.26%) -- Ticket Income $282,225
Level 3 -- Attendance: 1661 (83.05%) -- Ticket Income $73,084
Level 4 -- Attendance: 3928 (98.20%) -- Ticket Income $113,912
Luxury Box -- Attendance: 767 (76.70%) -- Ticket Income $167,973
Game was played at the TD Banknorth Garden.
Total Attendance: 14508 (80.60%)
Total Ticket Income: $1,181,430
Other Income: $177,214
Total Income: $1,358,644
Flames
5 vs 5 Forward
Center Left Wing Right Wing Time % Phy DF OF
1 Eric Staal Brad Marchand David Backes 40 1 2 2
2 Colin Wilson Alexander Semin Jordin Tootoo 33 2 2 1
3 Mikhail Grabovski Steve Regier Peter Prucha 19 2 2 1
4 Vladimir Sobotka David Ullstrom Kyle Palmieri 8 2 2 1
5 vs 5 Defense
Defense Defense Time % Phy DF OF
1 Erik Johnson Sami Vatanen 38 2 2 1
2 Derek Meech Steve Eminger 29 2 2 1
3 Brendan Mikkelson Tim Ramholt 23 2 2 1
4 Derek Meech Steve Eminger 10 2 2 1
PowerPlay Forward
Center Left Wing Right Wing Time % Phy DF OF
1 Eric Staal Alexander Semin David Backes 60 1 0 4
2 Mikhail Grabovski Brad Marchand Kyle Palmieri 40 1 0 4
PowerPlay Defense
Defense Defense Time % Phy DF OF
1 Erik Johnson Sami Vatanen 60 1 1 3
2 Derek Meech Tim Ramholt 40 1 1 3
Penalty Kill 4 Players Forward
Center Wing Time % Phy DF OF
1 Colin Wilson Alexander Semin 50 1 4 0
2 Eric Staal Brad Marchand 50 1 4 0
Penalty Kill 4 Players Defense
Defense Defense Time % Phy DF OF
1 Derek Meech Steve Eminger 58 1 4 0
2 Erik Johnson Tim Ramholt 42 1 4 0
Penalty Kill - 3 Players Forward
Forward Time % Phy DF OF
1 Eric Staal 50 1 4 0
2 Brad Marchand 50 1 4 0
Penalty Kill - 3 Players Defense
Defense Defense Time % Phy DF OF
1 Derek Meech Steve Eminger 58 1 4 0
2 Erik Johnson Tim Ramholt 42 1 4 0
4 vs 4 Forward
Center Wing Time % Phy DF OF
1 Eric Staal Alexander Semin 60 2 2 1
2 Mikhail Grabovski David Backes 40 2 2 1
4 vs 4 Defense
Defense Defense Time % Phy DF OF
1 Erik Johnson Sami Vatanen 60 2 2 1
2 Derek Meech Steve Eminger 40 2 2 1
Last Minutes Offensive
Center Left Wing Right Wing Defense Defense
Eric Staal Alexander Semin David Backes Erik Johnson Sami Vatanen
Last Minutes Defensive
Center Left Wing Right Wing Defense Defense
Eric Staal Alexander Semin David Backes Erik Johnson Steve Eminger
Goaltenders
Starting : Jonas Gustavsson
Backup : Pekka Rinne
Extra Forwards
Normal : Brad Marchand, Jordin Tootoo, David Ullstrom - PP : David Ullstrom, Colin Wilson - PK : David Backes
Extra Defensemen
Normal : Derek Meech, Steve Eminger, Tim Ramholt - PP : Derek Meech - PK : Erik Johnson, Tim Ramholt
Penalty Shots
Eric Staal, Alexander Semin, David Backes, Brad Marchand, Colin Wilson
Scratches
Patrik Berglund (Broken Right Index Finger Injury)
Bruins
5 vs 5 Forward
Center Left Wing Right Wing Time % Phy DF OF
1 Jonathan Toews Wojtek Wolski Nathan Horton 40 0 1 4
2 Mike Ribeiro Scott Hartnell Victor Oreskovich 30 0 2 3
3 Dave Bolland T.J Galiardi Rene Bourque 20 1 2 2
4 Casey Cizikas Kris Chucko Mattias Tedenby 10 1 2 2
5 vs 5 Defense
Defense Defense Time % Phy DF OF
1 Jason Demers Brendan Smith 40 0 3 2
2 Shane O'Brien Torey Krug 30 0 3 2
3 Johnny Boychuk Kevin Bieksa 20 0 3 2
4 Jason Demers Brendan Smith 10 1 2 2
PowerPlay Forward
Center Left Wing Right Wing Time % Phy DF OF
1 Jonathan Toews Wojtek Wolski Victor Oreskovich 60 0 1 4
2 Mike Ribeiro Scott Hartnell Nathan Horton 40 0 1 4
PowerPlay Defense
Defense Defense Time % Phy DF OF
1 Jason Demers Brendan Smith 60 0 2 3
2 Shane O'Brien Torey Krug 40 0 2 3
Penalty Kill 4 Players Forward
Center Wing Time % Phy DF OF
1 Wojtek Wolski Nathan Horton 60 1 3 1
2 Victor Oreskovich Scott Hartnell 40 1 3 1
Penalty Kill 4 Players Defense
Defense Defense Time % Phy DF OF
1 Jason Demers Brendan Smith 60 0 4 1
2 Shane O'Brien Torey Krug 40 0 4 1
Penalty Kill - 3 Players Forward
Forward Time % Phy DF OF
1 Wojtek Wolski 60 0 4 1
2 Jonathan Toews 40 0 4 1
Penalty Kill - 3 Players Defense
Defense Defense Time % Phy DF OF
1 Jason Demers Brendan Smith 60 0 5 0
2 Shane O'Brien Torey Krug 40 0 5 0
4 vs 4 Forward
Center Wing Time % Phy DF OF
1 Jonathan Toews Wojtek Wolski 60 1 2 2
2 Mike Ribeiro Scott Hartnell 40 1 2 2
4 vs 4 Defense
Defense Defense Time % Phy DF OF
1 Jason Demers Brendan Smith 60 1 2 2
2 Shane O'Brien Torey Krug 40 1 2 2
Last Minutes Offensive
Center Left Wing Right Wing Defense Defense
Jonathan Toews Wojtek Wolski Victor Oreskovich Jason Demers Brendan Smith
Last Minutes Defensive
Center Left Wing Right Wing Defense Defense
Jonathan Toews Wojtek Wolski Victor Oreskovich Jason Demers Brendan Smith
Goaltenders
Starting : Kevin Poulin
Backup : Josh Tordjman
Extra Forwards
Normal : Dave Bolland, Rene Bourque, T.J Galiardi - PP : Dave Bolland, Rene Bourque - PK : T.J Galiardi
Extra Defensemen
Normal : Johnny Boychuk, Kevin Bieksa, Shane O'Brien - PP : Johnny Boychuk - PK : Kevin Bieksa, Shane O'Brien
Penalty Shots
Wojtek Wolski, Jonathan Toews, Victor Oreskovich, Scott Hartnell, Mike Ribeiro
Scratches
None
% Time on Ice - Flames
Lines # - Real PCT - Wanted PCT - Time Play
Normal Forward
1 - 35% - 40% - 15:07
2 - 29% - 33% - 12:22
3 - 23% - 19% - 9:56
4 - 13% - 8% - 5:23
Normal Defense
1 - 46% - 38% - 19:35
2 - 28% - 29% - 12:05
3 - 21% - 23% - 8:59
4 - 5% - 10% - 2:09
PP Forward
1 - 62% - 60% - 2:56
2 - 38% - 40% - 1:50
PP Defense
1 - 77% - 60% - 3:41
2 - 23% - 40% - 1:05
PK Forward
1 - 48% - 50% - 6:01
2 - 52% - 50% - 6:25
PK Defense
1 - 60% - 58% - 7:25
2 - 40% - 42% - 5:01
PK3 Forward
1 - 0% - 50%
2 - 0% - 50%
PK3 Defense
1 - 0% - 58%
2 - 0% - 42%
44 Forward
1 - 0% - 60%
2 - 0% - 40%
44 Defense
1 - 0% - 60%
2 - 0% - 40%
Last Minute Offensive - 0:00
Last Minute Defensive - 0:00
Total
Forward - 60:00
Defense - 60:00
|
% Time on Ice - Bruins
Lines # - Real PCT - Wanted PCT - Time Play
Normal Forward
1 - 39% - 40% - 16:38
2 - 28% - 30% - 11:57
3 - 21% - 20% - 8:50
4 - 13% - 10% - 5:23
Normal Defense
1 - 44% - 40% - 18:57
2 - 34% - 30% - 14:36
3 - 17% - 20% - 7:05
4 - 5% - 10% - 2:10
PP Forward
1 - 59% - 60% - 7:22
2 - 41% - 40% - 5:04
PP Defense
1 - 65% - 60% - 8:07
2 - 35% - 40% - 4:19
PK Forward
1 - 87% - 60% - 4:08
2 - 13% - 40% - 0:38
PK Defense
1 - 46% - 60% - 2:11
2 - 54% - 40% - 2:35
PK3 Forward
1 - 0% - 60%
2 - 0% - 40%
PK3 Defense
1 - 0% - 60%
2 - 0% - 40%
44 Forward
1 - 0% - 60%
2 - 0% - 40%
44 Defense
1 - 0% - 60%
2 - 0% - 40%
Last Minute Offensive - 0:00
Last Minute Defensive - 0:00
Total
Forward - 60:00
Defense - 60:00
|
Play-by-Play
1st period
0:01 of 1st period - Jonathan Toews wins face-off versus Eric Staal in neutral zone.
0:45 of 1st period - Snap shot by Nathan Horton.
0:45 of 1st period - Shot Blocked by Steve Regier.
0:59 of 1st period - Off-side.
1:00 of 1st period - Colin Wilson wins face-off versus Mike Ribeiro in neutral zone.
1:52 of 1st period - Kevin Bieksa is hit by Brendan Mikkelson and loses puck.
2:10 of 1st period - Slapshot by Kevin Bieksa.
2:10 of 1st period - Shot Blocked by Steve Regier.
2:24 of 1st period - Snap shot by T.J Galiardi.
2:24 of 1st period - Stopped by Jonas Gustavsson without a rebound.
2:25 of 1st period - Dave Bolland wins face-off versus Colin Wilson in Flames zone.
3:41 of 1st period - Brendan Mikkelson is hit by Casey Cizikas and loses puck.
4:56 of 1st period - Wrist shot by Peter Prucha.
4:56 of 1st period - Shot Misses the Net.
5:24 of 1st period - Slapshot by Steve Eminger.
5:24 of 1st period - Deflect By Torey Krug.
5:24 of 1st period - Stopped by Kevin Poulin with a rebound.
5:26 of 1st period - Slapshot by Steve Eminger.
5:26 of 1st period - Deflect By Steve Regier.
5:26 of 1st period - Shot Blocked by Torey Krug.
5:26 of 1st period - Puck is out of play.
5:27 of 1st period - Jonathan Toews wins face-off versus Eric Staal in Bruins zone.
5:27 of 1st period - Jonathan Toews is hit by David Backes.
5:36 of 1st period - Snap shot by Brad Marchand.
5:36 of 1st period - Stopped by Kevin Poulin without a rebound.
5:37 of 1st period - Nathan Horton wins face-off versus Eric Staal in Bruins zone.
6:16 of 1st period - Slapshot by Eric Staal.
6:16 of 1st period - Stopped by Kevin Poulin without a rebound.
6:17 of 1st period - Colin Wilson wins face-off versus Mike Ribeiro in Bruins zone.
6:51 of 1st period - Kevin Bieksa is hit by David Ullstrom and loses puck.
7:15 of 1st period - Slapshot by Brendan Smith.
7:15 of 1st period - Stopped by Jonas Gustavsson without a rebound.
7:16 of 1st period - Mike Ribeiro wins face-off versus Colin Wilson in Flames zone.
7:23 of 1st period - Wrist shot by Mike Ribeiro.
7:23 of 1st period - Shot Misses the Net.
7:25 of 1st period - Slapshot by Brendan Smith.
7:25 of 1st period - Stopped by Jonas Gustavsson without a rebound.
7:26 of 1st period - Mike Ribeiro wins face-off versus Colin Wilson in Flames zone.
8:04 of 1st period - Wrist shot by Jordin Tootoo.
8:04 of 1st period - Goal by Jordin Tootoo - Flames : 1 - Bruins : 0.
8:05 of 1st period - Eric Staal wins face-off versus Nathan Horton in neutral zone.
8:32 of 1st period - Alexander Semin is hit by Jason Demers and loses puck.
8:36 of 1st period - Icing by Erik Johnson.
8:37 of 1st period - Rene Bourque wins face-off versus Colin Wilson in Flames zone.
9:21 of 1st period - Major / Game Misconduct Penalty to Sami Vatanen for Attempt to injure.
9:21 of 1st period - Sami Vatanen is ejected from game.
9:22 of 1st period - Jonathan Toews wins face-off versus Colin Wilson in Flames zone.
12:06 of 1st period - Brendan Mikkelson is hit by Dave Bolland and loses puck.
12:31 of 1st period - Slapshot by Brendan Smith.
12:31 of 1st period - Stopped by Jonas Gustavsson with a rebound.
14:21 of 1st period - Penalty to Sami Vatanen is over, Kyle Palmieri is send on ice.
14:33 of 1st period - Johnny Boychuk is hit by David Ullstrom and loses puck.
15:19 of 1st period - Minor Penalty to Wojtek Wolski for Interference.
15:20 of 1st period - T.J Galiardi wins face-off versus Eric Staal in Bruins zone.
17:08 of 1st period - Steve Eminger is hit by Torey Krug and loses puck.
17:19 of 1st period - Penalty to Wojtek Wolski is over, Wojtek Wolski is back on ice.
18:04 of 1st period - Wrist shot by Wojtek Wolski.
18:04 of 1st period - Stopped by Jonas Gustavsson without a rebound.
18:05 of 1st period - Jonathan Toews wins face-off versus Kyle Palmieri in Flames zone.
18:20 of 1st period - Wojtek Wolski is hit by Erik Johnson and loses puck.
18:39 of 1st period - Slapshot by Alexander Semin.
18:39 of 1st period - Deflect By Colin Wilson.
18:39 of 1st period - Stopped by Kevin Poulin with a rebound.
18:56 of 1st period - Jason Demers is hit by Brad Marchand and loses puck.
19:16 of 1st period - Slapshot by Jason Demers.
19:16 of 1st period - Stopped by Jonas Gustavsson with a rebound.
19:28 of 1st period - Slapshot by Steve Regier.
19:28 of 1st period - Goal by Steve Regier - Flames : 2 - Bruins : 0.
19:29 of 1st period - Eric Staal wins face-off versus Nathan Horton in neutral zone.
Goals for this period are 2 for Flames vs 0 for Bruins.
Shots for this period are 6 for Flames vs 6 for Bruins.
2nd period
0:01 of 2nd period - Eric Staal wins face-off versus Jonathan Toews in neutral zone.
0:04 of 2nd period - Slapshot by David Backes.
0:04 of 2nd period - Shot Blocked by Brendan Smith.
0:18 of 2nd period - Steve Eminger is hit by Nathan Horton and loses puck.
0:31 of 2nd period - Victor Oreskovich is hit by Colin Wilson and loses puck.
0:38 of 2nd period - Snap shot by Alexander Semin.
0:38 of 2nd period - Shot Misses the Net.
0:40 of 2nd period - Backhand shot by Tim Ramholt.
0:40 of 2nd period - Deflect By Colin Wilson.
0:40 of 2nd period - Goal by Colin Wilson - Flames : 3 - Bruins : 0.
0:41 of 2nd period - Eric Staal wins face-off versus Jonathan Toews in neutral zone.
0:56 of 2nd period - Snap shot by David Backes.
0:56 of 2nd period - Stopped by Kevin Poulin with a rebound.
0:58 of 2nd period - Snap shot by Eric Staal.
0:58 of 2nd period - Stopped by Kevin Poulin without a rebound.
0:59 of 2nd period - Colin Wilson wins face-off versus Mike Ribeiro in Bruins zone.
1:36 of 2nd period - Wrist shot by Jonathan Toews.
1:36 of 2nd period - Shot Misses the Net.
2:15 of 2nd period - Wrist shot by Kyle Palmieri.
2:15 of 2nd period - Shot Hit the Post.
2:17 of 2nd period - Slapshot by Erik Johnson.
2:17 of 2nd period - Stopped by Kevin Poulin with a rebound.
2:31 of 2nd period - Mattias Tedenby is hit by Alexander Semin and loses puck.
2:42 of 2nd period - Wrist shot by Kris Chucko.
2:42 of 2nd period - Shot Misses the Net.
2:56 of 2nd period - Wrist shot by Peter Prucha.
2:56 of 2nd period - Stopped by Kevin Poulin without a rebound.
2:57 of 2nd period - Jonathan Toews wins face-off versus Mikhail Grabovski in Bruins zone.
3:02 of 2nd period - Slapshot by Steve Regier.
3:02 of 2nd period - Shot Misses the Net.
3:04 of 2nd period - Slapshot by Mikhail Grabovski.
3:04 of 2nd period - Stopped by Kevin Poulin without a rebound.
3:05 of 2nd period - Eric Staal wins face-off versus Jonathan Toews in Bruins zone.
3:10 of 2nd period - Wrist shot by Eric Staal.
3:10 of 2nd period - Shot Misses the Net.
3:12 of 2nd period - Wrist shot by David Backes.
3:12 of 2nd period - Stopped by Kevin Poulin without a rebound.
3:13 of 2nd period - Wojtek Wolski wins face-off versus David Backes in Bruins zone.
3:28 of 2nd period - Wrist shot by David Backes.
3:28 of 2nd period - Stopped by Kevin Poulin without a rebound.
3:29 of 2nd period - Colin Wilson wins face-off versus Mike Ribeiro in Bruins zone.
3:50 of 2nd period - Minor Penalty to Jordin Tootoo for High sticking.
3:51 of 2nd period - Eric Staal wins face-off versus Jonathan Toews in Flames zone.
3:51 of 2nd period - Eric Staal is hit by Wojtek Wolski.
4:01 of 2nd period - Slapshot by Jason Demers.
4:01 of 2nd period - Shot Misses the Net.
4:03 of 2nd period - Slapshot by Victor Oreskovich.
4:03 of 2nd period - Shot Misses the Net.
4:05 of 2nd period - Snap shot by Jason Demers.
4:05 of 2nd period - Stopped by Jonas Gustavsson with a rebound.
4:40 of 2nd period - Icing by Victor Oreskovich.
4:41 of 2nd period - Jonathan Toews wins face-off versus Eric Staal in Bruins zone.
5:50 of 2nd period - Penalty to Jordin Tootoo is over, Jordin Tootoo is back on ice.
6:00 of 2nd period - Wrist shot by Peter Prucha.
6:00 of 2nd period - Stopped by Kevin Poulin without a rebound.
6:01 of 2nd period - Dave Bolland wins face-off versus Mikhail Grabovski in Bruins zone.
6:19 of 2nd period - Wrist shot by Johnny Boychuk.
6:19 of 2nd period - Stopped by Jonas Gustavsson without a rebound.
6:20 of 2nd period - Eric Staal wins face-off versus Jonathan Toews in Flames zone.
6:36 of 2nd period - Wrist shot by Wojtek Wolski.
6:36 of 2nd period - Stopped by Jonas Gustavsson with a rebound.
7:04 of 2nd period - Minor Penalty to David Backes for Hooking.
7:05 of 2nd period - Colin Wilson wins face-off versus Jonathan Toews in Flames zone.
7:21 of 2nd period - Snap shot by Alexander Semin.
7:21 of 2nd period - Stopped by Kevin Poulin without a rebound.
7:22 of 2nd period - Eric Staal wins face-off versus Nathan Horton in Bruins zone.
7:23 of 2nd period - Wrist shot by Brad Marchand.
7:23 of 2nd period - Shot Blocked by Brendan Smith.
7:33 of 2nd period - Eric Staal is hit by Nathan Horton and loses puck.
7:58 of 2nd period - Slapshot by Alexander Semin.
7:58 of 2nd period - Shot Misses the Net.
9:04 of 2nd period - Penalty to David Backes is over, David Backes is back on ice.
9:41 of 2nd period - Snap shot by Mattias Tedenby.
9:41 of 2nd period - Stopped by Jonas Gustavsson without a rebound.
9:42 of 2nd period - Mikhail Grabovski wins face-off versus Dave Bolland in Flames zone.
9:50 of 2nd period - Snap shot by Mikhail Grabovski.
9:50 of 2nd period - Stopped by Kevin Poulin without a rebound.
9:51 of 2nd period - Dave Bolland wins face-off versus Mikhail Grabovski in Bruins zone.
10:02 of 2nd period - Slapshot by Steve Regier.
10:02 of 2nd period - Stopped by Kevin Poulin with a rebound.
10:04 of 2nd period - Snap shot by Peter Prucha.
10:04 of 2nd period - Stopped by Kevin Poulin with a rebound.
10:10 of 2nd period - Wrist shot by Peter Prucha.
10:10 of 2nd period - Shot Blocked by Jason Demers.
10:10 of 2nd period - Jason Demers from Bruins is injured at 10:10 of 2nd period (Bruised Right Leg).
10:11 of 2nd period - Brad Marchand wins face-off versus Jonathan Toews in Bruins zone.
10:12 of 2nd period - Wrist shot by Eric Staal.
10:12 of 2nd period - Shot Blocked by Johnny Boychuk.
10:28 of 2nd period - Snap shot by David Backes.
10:28 of 2nd period - Shot Blocked by Jonathan Toews.
11:24 of 2nd period - Mikhail Grabovski is hit by Brendan Smith and loses puck.
11:31 of 2nd period - Snap shot by Steve Regier.
11:31 of 2nd period - Deflect By Mikhail Grabovski.
11:31 of 2nd period - Stopped by Kevin Poulin without a rebound.
11:32 of 2nd period - Mike Ribeiro wins face-off versus Eric Staal in Bruins zone.
11:43 of 2nd period - Wrist shot by Victor Oreskovich.
11:43 of 2nd period - Shot Misses the Net.
11:45 of 2nd period - Snap shot by Mike Ribeiro.
11:45 of 2nd period - Stopped by Jonas Gustavsson without a rebound.
11:46 of 2nd period - Mike Ribeiro wins face-off versus Eric Staal in Flames zone.
11:55 of 2nd period - Wrist shot by Scott Hartnell.
11:55 of 2nd period - Shot Misses the Net.
12:13 of 2nd period - Colin Wilson is hit by Torey Krug and loses puck.
12:18 of 2nd period - Wrist shot by Kris Chucko.
12:18 of 2nd period - Stopped by Jonas Gustavsson without a rebound.
12:19 of 2nd period - Casey Cizikas wins face-off versus Colin Wilson in Flames zone.
12:20 of 2nd period - Snap shot by Mattias Tedenby.
12:20 of 2nd period - Stopped by Jonas Gustavsson without a rebound.
12:21 of 2nd period - Colin Wilson wins face-off versus Mike Ribeiro in Flames zone.
12:32 of 2nd period - Slapshot by Scott Hartnell.
12:32 of 2nd period - Shot Misses the Net.
12:34 of 2nd period - Snap shot by Mike Ribeiro.
12:34 of 2nd period - Shot Blocked by Derek Meech.
12:36 of 2nd period - Slapshot by Johnny Boychuk.
12:36 of 2nd period - Stopped by Jonas Gustavsson without a rebound.
12:37 of 2nd period - Eric Staal wins face-off versus Jonathan Toews in Flames zone.
13:04 of 2nd period - Alexander Semin is hit by Mike Ribeiro and loses puck.
13:29 of 2nd period - Wrist shot by Rene Bourque.
13:29 of 2nd period - Shot Misses the Net.
13:31 of 2nd period - Snap shot by Johnny Boychuk.
13:31 of 2nd period - Stopped by Jonas Gustavsson without a rebound.
13:32 of 2nd period - Jonathan Toews wins face-off versus Eric Staal in Flames zone.
13:35 of 2nd period - Snap shot by Nathan Horton.
13:35 of 2nd period - Shot Blocked by Tim Ramholt.
13:37 of 2nd period - Backhand shot by Nathan Horton.
13:37 of 2nd period - Shot Misses the Net.
13:39 of 2nd period - Slapshot by Brendan Smith.
13:39 of 2nd period - Deflect By Erik Johnson.
13:39 of 2nd period - Goal by Brendan Smith - Flames : 3 - Bruins : 1.
13:40 of 2nd period - Jonathan Toews wins face-off versus Eric Staal in neutral zone.
13:45 of 2nd period - Slapshot by Jonathan Toews.
13:45 of 2nd period - Stopped by Jonas Gustavsson without a rebound.
13:46 of 2nd period - Eric Staal wins face-off versus Jonathan Toews in Flames zone.
13:55 of 2nd period - Snap shot by Eric Staal.
13:55 of 2nd period - Stopped by Kevin Poulin without a rebound.
13:56 of 2nd period - Jonathan Toews wins face-off versus Eric Staal in Bruins zone.
14:12 of 2nd period - Off-side.
14:13 of 2nd period - Mike Ribeiro wins face-off versus Colin Wilson in neutral zone.
15:02 of 2nd period - Slapshot by Erik Johnson.
15:02 of 2nd period - Stopped by Kevin Poulin without a rebound.
15:03 of 2nd period - Mike Ribeiro wins face-off versus Vladimir Sobotka in Bruins zone.
15:14 of 2nd period - Victor Oreskovich is hit by Vladimir Sobotka and loses puck.
15:55 of 2nd period - Snap shot by Mattias Tedenby.
15:55 of 2nd period - Stopped by Jonas Gustavsson without a rebound.
15:56 of 2nd period - Casey Cizikas wins face-off versus Colin Wilson in Flames zone.
15:59 of 2nd period - Snap shot by Mattias Tedenby.
15:59 of 2nd period - Stopped by Jonas Gustavsson with a rebound.
16:11 of 2nd period - Slapshot by Mattias Tedenby.
16:11 of 2nd period - Shot Misses the Net.
18:30 of 2nd period - Alexander Semin is hit by Dave Bolland and loses puck.
18:37 of 2nd period - Rene Bourque is hit by Jordin Tootoo.
18:47 of 2nd period - David Ullstrom is hit by Victor Oreskovich and loses puck.
19:30 of 2nd period - Snap shot by Wojtek Wolski.
19:30 of 2nd period - Goal by Wojtek Wolski - Flames : 3 - Bruins : 2.
19:31 of 2nd period - Eric Staal wins face-off versus Jonathan Toews in neutral zone.
19:58 of 2nd period - Torey Krug is hit by Colin Wilson and loses puck.
Goals for this period are 1 for Flames vs 2 for Bruins.
Shots for this period are 16 for Flames vs 14 for Bruins.
3rd period
0:01 of 3rd period - Jonathan Toews wins face-off versus Eric Staal in neutral zone.
0:08 of 3rd period - Wrist shot by Wojtek Wolski.
0:08 of 3rd period - Shot Blocked by Tim Ramholt.
0:10 of 3rd period - Wrist shot by Nathan Horton.
0:10 of 3rd period - Shot Misses the Net.
0:12 of 3rd period - Snap shot by Jonathan Toews.
0:12 of 3rd period - Stopped by Jonas Gustavsson with a rebound.
0:14 of 3rd period - Snap shot by Jonathan Toews.
0:14 of 3rd period - Shot Misses the Net.
0:16 of 3rd period - Slapshot by Johnny Boychuk.
0:16 of 3rd period - Stopped by Jonas Gustavsson without a rebound.
0:17 of 3rd period - Colin Wilson wins face-off versus Mike Ribeiro in Flames zone.
1:05 of 3rd period - Wrist shot by David Ullstrom.
1:05 of 3rd period - Shot Misses the Net.
1:07 of 3rd period - Slapshot by Steve Eminger.
1:07 of 3rd period - Stopped by Kevin Poulin without a rebound.
1:08 of 3rd period - Jonathan Toews wins face-off versus Vladimir Sobotka in Bruins zone.
1:13 of 3rd period - Kyle Palmieri is hit by Wojtek Wolski and loses puck.
1:20 of 3rd period - Snap shot by Jonathan Toews.
1:20 of 3rd period - Shot Blocked by Erik Johnson.
1:22 of 3rd period - Slapshot by Jonathan Toews.
1:22 of 3rd period - Shot Misses the Net.
1:24 of 3rd period - Wrist shot by Nathan Horton.
1:24 of 3rd period - Goal by Nathan Horton - Flames : 3 - Bruins : 3.
1:25 of 3rd period - Jonathan Toews wins face-off versus Colin Wilson in neutral zone.
2:02 of 3rd period - Snap shot by David Backes.
2:02 of 3rd period - Stopped by Kevin Poulin without a rebound.
2:03 of 3rd period - Dave Bolland wins face-off versus Eric Staal in Bruins zone.
2:03 of 3rd period - Dave Bolland is hit by Brad Marchand.
2:55 of 3rd period - Steve Regier is hit by Mike Ribeiro and loses puck.
3:19 of 3rd period - Minor Penalty to Shane O'Brien for Roughing.
3:20 of 3rd period - Wojtek Wolski wins face-off versus Eric Staal in Bruins zone.
3:32 of 3rd period - Wrist shot by Eric Staal.
3:32 of 3rd period - Goal by Eric Staal - Flames : 4 - Bruins : 3.
3:33 of 3rd period - Jonathan Toews wins face-off versus Eric Staal in neutral zone.
4:29 of 3rd period - Snap shot by Wojtek Wolski.
4:29 of 3rd period - Goal by Wojtek Wolski - Flames : 4 - Bruins : 4.
4:30 of 3rd period - Mike Ribeiro wins face-off versus David Backes in neutral zone.
4:33 of 3rd period - Slapshot by Johnny Boychuk.
4:33 of 3rd period - Shot Blocked by Tim Ramholt.
4:35 of 3rd period - Slapshot by Brendan Smith.
4:35 of 3rd period - Stopped by Jonas Gustavsson with a rebound.
4:37 of 3rd period - Wrist shot by Scott Hartnell.
4:37 of 3rd period - Stopped by Jonas Gustavsson with a rebound.
5:01 of 3rd period - Off-side.
5:02 of 3rd period - Nathan Horton wins face-off versus Colin Wilson in neutral zone.
5:07 of 3rd period - Snap shot by Wojtek Wolski.
5:07 of 3rd period - Shot Misses the Net.
5:09 of 3rd period - Slapshot by Torey Krug.
5:09 of 3rd period - Stopped by Jonas Gustavsson without a rebound.
5:10 of 3rd period - Colin Wilson wins face-off versus Jonathan Toews in Flames zone.
5:27 of 3rd period - Johnny Boychuk is hit by Alexander Semin.
5:38 of 3rd period - Minor Penalty to Jordin Tootoo for Tripping.
5:39 of 3rd period - Jonathan Toews wins face-off versus Eric Staal in Flames zone.
6:04 of 3rd period - Scott Hartnell is hit by Colin Wilson and loses puck.
6:13 of 3rd period - Slapshot by Erik Johnson.
6:13 of 3rd period - Stopped by Kevin Poulin without a rebound.
6:14 of 3rd period - Jonathan Toews wins face-off versus Eric Staal in Bruins zone.
6:29 of 3rd period - Snap shot by Wojtek Wolski.
6:29 of 3rd period - Goal by Wojtek Wolski - Flames : 4 - Bruins : 5.
6:30 of 3rd period - Eric Staal wins face-off versus Mike Ribeiro in neutral zone.
6:57 of 3rd period - Nathan Horton is hit by Colin Wilson and loses puck.
7:04 of 3rd period - Wrist shot by Colin Wilson.
7:04 of 3rd period - Deflect By Jordin Tootoo.
7:04 of 3rd period - Stopped by Kevin Poulin without a rebound.
7:05 of 3rd period - Colin Wilson wins face-off versus Jonathan Toews in Bruins zone.
7:10 of 3rd period - Snap shot by Colin Wilson.
7:10 of 3rd period - Deflect By Jordin Tootoo.
7:10 of 3rd period - Shot Misses the Net.
7:10 of 3rd period - Puck is out of play.
7:11 of 3rd period - Jonathan Toews wins face-off versus Colin Wilson in Bruins zone.
7:11 of 3rd period - Jonathan Toews is hit by Colin Wilson.
7:45 of 3rd period - Snap shot by Dave Bolland.
7:45 of 3rd period - Shot Blocked by Steve Eminger.
7:47 of 3rd period - Slapshot by Shane O'Brien.
7:47 of 3rd period - Deflect By Rene Bourque.
7:47 of 3rd period - Stopped by Jonas Gustavsson without a rebound.
7:48 of 3rd period - Mike Ribeiro wins face-off versus Eric Staal in Flames zone.
7:53 of 3rd period - Snap shot by Mike Ribeiro.
7:53 of 3rd period - Stopped by Jonas Gustavsson with a rebound.
8:43 of 3rd period - Snap shot by T.J Galiardi.
8:43 of 3rd period - Shot Misses the Net.
8:45 of 3rd period - Slapshot by Torey Krug.
8:45 of 3rd period - Stopped by Jonas Gustavsson without a rebound.
8:46 of 3rd period - Mike Ribeiro wins face-off versus Eric Staal in Flames zone.
9:02 of 3rd period - Minor Penalty to Eric Staal for Hooking.
9:03 of 3rd period - Jonathan Toews wins face-off versus Colin Wilson in Flames zone.
9:17 of 3rd period - Snap shot by Victor Oreskovich.
9:17 of 3rd period - Stopped by Jonas Gustavsson with a rebound.
9:19 of 3rd period - Slapshot by Johnny Boychuk.
9:19 of 3rd period - Deflect By Jonathan Toews.
9:19 of 3rd period - Shot Misses the Net.
9:19 of 3rd period - Puck is out of play.
9:20 of 3rd period - Scott Hartnell wins face-off versus David Backes in Flames zone.
9:33 of 3rd period - Snap shot by Nathan Horton.
9:33 of 3rd period - Stopped by Jonas Gustavsson without a rebound.
9:34 of 3rd period - Wojtek Wolski wins face-off versus Colin Wilson in Flames zone.
9:51 of 3rd period - David Backes is hit by Johnny Boychuk and loses puck.
11:02 of 3rd period - Penalty to Eric Staal is over, Eric Staal is back on ice.
11:17 of 3rd period - Wrist shot by Peter Prucha.
11:17 of 3rd period - Stopped by Kevin Poulin with a rebound.
11:21 of 3rd period - Snap shot by Peter Prucha.
11:21 of 3rd period - Goal by Peter Prucha - Flames : 5 - Bruins : 5.
11:22 of 3rd period - Dave Bolland wins face-off versus Colin Wilson in neutral zone.
11:49 of 3rd period - Brendan Mikkelson is hit by Mike Ribeiro and loses puck.
11:58 of 3rd period - Slapshot by Scott Hartnell.
11:58 of 3rd period - Deflect By Victor Oreskovich.
11:58 of 3rd period - Goal by Victor Oreskovich - Flames : 5 - Bruins : 6.
11:59 of 3rd period - Mike Ribeiro wins face-off versus Eric Staal in neutral zone.
12:11 of 3rd period - Minor Penalty to Johnny Boychuk for Goalie Interference.
12:12 of 3rd period - Eric Staal wins face-off versus Wojtek Wolski in Bruins zone.
12:13 of 3rd period - Wrist shot by David Backes.
12:13 of 3rd period - Goal by David Backes - Flames : 6 - Bruins : 6.
12:14 of 3rd period - Jonathan Toews wins face-off versus Eric Staal in neutral zone.
12:26 of 3rd period - Minor Penalty to Eric Staal for Cross-checking.
12:27 of 3rd period - Jonathan Toews wins face-off versus Colin Wilson in Flames zone.
13:05 of 3rd period - Slapshot by Mike Ribeiro.
13:05 of 3rd period - Goal by Mike Ribeiro - Flames : 6 - Bruins : 7.
13:06 of 3rd period - Eric Staal wins face-off versus Jonathan Toews in neutral zone.
13:35 of 3rd period - Wrist shot by Colin Wilson.
13:35 of 3rd period - Stopped by Kevin Poulin without a rebound.
13:36 of 3rd period - Colin Wilson wins face-off versus Mike Ribeiro in Bruins zone.
14:01 of 3rd period - Wrist shot by Jordin Tootoo.
14:01 of 3rd period - Shot Misses the Net.
14:51 of 3rd period - Off-side.
14:52 of 3rd period - Eric Staal wins face-off versus Jonathan Toews in neutral zone.
15:24 of 3rd period - Snap shot by T.J Galiardi.
15:24 of 3rd period - Stopped by Jonas Gustavsson without a rebound.
15:25 of 3rd period - Mikhail Grabovski wins face-off versus Dave Bolland in Flames zone.
17:00 of 3rd period - Slapshot by Rene Bourque.
17:00 of 3rd period - Stopped by Jonas Gustavsson without a rebound.
17:01 of 3rd period - Eric Staal wins face-off versus Dave Bolland in Flames zone.
17:16 of 3rd period - Snap shot by David Backes.
17:16 of 3rd period - Stopped by Kevin Poulin with a rebound.
17:18 of 3rd period - Slapshot by Erik Johnson.
17:18 of 3rd period - Deflect By Torey Krug.
17:18 of 3rd period - Stopped by Kevin Poulin without a rebound.
17:19 of 3rd period - Mikhail Grabovski wins face-off versus Jonathan Toews in Bruins zone.
17:27 of 3rd period - Double Minor Penalty to Shane O'Brien for High sticking.
17:28 of 3rd period - Eric Staal wins face-off versus Wojtek Wolski in Bruins zone.
17:28 of 3rd period - Wrist shot by David Backes.
17:28 of 3rd period - Deflect By Wojtek Wolski.
17:28 of 3rd period - Stopped by Kevin Poulin without a rebound.
17:29 of 3rd period - Wojtek Wolski wins face-off versus Eric Staal in Bruins zone.
18:52 of 3rd period - Alexander Semin is hit by Kevin Bieksa and loses puck.
19:11 of 3rd period - Brad Marchand is hit by T.J Galiardi.
Goals for this period are 3 for Flames vs 5 for Bruins.
Shots for this period are 12 for Flames vs 17 for Bruins.
Back to the Top